 Dungeon Crawl Stone Soup version 0.16-a0-3661-g910cf96 (webtiles) character file.

99 PolkaDot the Skirmisher (level 4, -4/41 HPs)
             Began as a Draconian Summoner on Jan 17, 2015.
             Killed from afar by an orc wizard (6 damage)
             ... with a magic dart
             ... on level 3 of the Dungeon.
             The game lasted 00:05:49 (2782 turns).

PolkaDot the Skirmisher (Draconian Summoner)        Turns: 2782, Time: 00:05:49

Health: -4/41      AC:  5    Str: 11    XL:     4   Next: 45%
Magic:  2/7        EV: 17    Int: 16    God:
Gold:   177        SH:  0    Dex: 16    Spells: 3 memorised, 1 level left

rFire  . . .     SeeInvis .     o - +0 dagger (flame)
rCold  . . .     Clarity  +     (armour unavailable)
rNeg   . . .     SustAb   .     (no shield)
rPois  .         Gourm    .     (helmet restricted)
rElec  .         Spirit   .     (no cloak)
rCorr  .         Warding  .     (no gloves)
rMut   .         Stasis   .     (no boots)
MR     .....                    u - amulet of clarity
Stlth  ++++......               (no ring)
                                q - ring of stealth

@: agile, very slightly contaminated, hasted, very quick, not resistant to
hostile enchantments, stealthy
A: unfitting armour, cold-blooded, AC +5
a: no special abilities


You were on level 3 of the Dungeon.
You were hungry.

You visited 1 branch of the dungeon, and saw 3 of its levels.

You collected 177 gold pieces.

Inventory:

Hand weapons
 o - a +0 dagger of flaming (weapon)
Jewellery
 q - a ring of stealth (left hand)
 u - an amulet of clarity (around neck)
Scrolls
 h - 2 scrolls of remove curse
 j - 2 scrolls of identify
 m - a scroll of noise {unknown}
 p - a scroll of fog {unknown}
 r - 3 scrolls of immolation
Potions
 d - 2 potions of magic
 s - 2 potions of cure mutation {!q}
 t - 2 potions of agility
Books
 b - a book of Callings

   Spells                             Type                      Level
   a - Summon Small Mammal            Summoning                    1
   b - Call Imp                       Summoning                    2
   c - Call Canine Familiar           Summoning                    3
   d - Summon Guardian Golem          Hexes/Summoning              4
   e - Summon Lightning Spire         Summoning/Air                4
   f - Summon Ice Beast               Ice/Summoning                4
Comestibles
 c - 2 bread rations
 f - 2 meat rations
 g - a slice of pizza
 k - 2 beef jerkies
 n - a royal jelly
 v - 3 chunks of flesh


   Skills:
 + Level 4.5 Fighting
 - Level 1.7 Dodging
 - Level 1.7 Stealth
 - Level 2.0 Spellcasting
 - Level 4.0 Summonings


You had one spell level left.
You knew the following spells:

 Your Spells              Type           Power        Failure   Level  Hunger
d - Call Canine Familiar  Summ           ##......     12%         3    ###....
s - Call Imp              Summ           ##......     8%          2    ###....
z - Summon Small Mammal   Summ           ##..         4%          1    #......


Dungeon Overview and Level Annotations

Branches:
Dungeon (3/15)

Altars:


Innate Abilities, Weirdness & Mutations

Your plain brown scales are hard (AC +5).
Your body does not fit into most forms of armour.
Your cold-blooded metabolism reacts poorly to cold.


Message History

Okay, then.
Unknown command.
Drink which item? (? for menu, Esc to quit)
Okay, then.
Read which item? (? for menu, Esc to quit)
As you read the scroll labeled ZEEMOD SHIESEY, it crumbles to dust.
It is a scroll of recharging.
You aren't carrying any rechargeable items.
The orc wizard hits you with an enchanted dagger.
* * * LOW HITPOINT WARNING * * *
Your hound bites something.
Read which item? (? for menu, Esc to quit)
As you read the scroll labeled WYRPHOO COXKOJUXT, it crumbles to dust.
Forget which spell ([?*] list [ESC] exit)?
Forget which spell ([?*] list [ESC] exit)?
Okay, then.
It was a scroll of amnesia.
The orc wizard points at you and mumbles some strange words.
The magic dart hits you!
You die...

#.####.## #.# #.#
# #.# #(# . #. #.#
#.# ..#(# #.# #.#
.....######.# #.#
...#.........#
#)#####
........o#####
#.#...# ####....@#
#.#.#.# #.o##5#
##.#.#.### #.
#.#######....#....
#
#.h>......#######.
#.#######....#.)..
#.# ####.#.### #†#
#.#.### #...#
#...#.. #.#.#
##.....


You could see 2 orc wizards, a friendly hound and a friendly crimson imp.

Vanquished Creatures
  2 adders (D:2)
  A giant mite (D:3)
  2 giant geckos (D:1)
  An ooze (D:2)
  3 orcs (D:3)
  2 giant cockroaches
  8 hobgoblins
  5 jackals (D:1)
  4 kobolds
  2 quokkas
  11 bats
  2 giant newts
  8 goblins
  4 rats
55 creatures vanquished.

Vanquished Creatures (collateral kills)
  Ijyb (D:2)
  A bat (D:2)
2 creatures vanquished.

Grand Total: 57 creatures vanquished

Notes
Turn   | Place    | Note
--------------------------------------------------------------
     0 | D:1      | PolkaDot, the Draconian Summoner, began the quest for the Orb.
     0 | D:1      | Reached XP level 1. HP: 14/14 MP: 3/3
   173 | D:1      | Reached skill level 1 in Fighting
   348 | D:1      | Reached XP level 2. HP: 14/24 MP: 4/4
  1461 | D:2      | Reached XP level 3. HP: 28/30 MP: 6/6
  1505 | D:2      | Noticed Ijyb
  1521 | D:2      | Killed Ijyb
  1589 | D:2      | Learned a level 2 spell: Call Imp
  1593 | D:2      | Learned a level 3 spell: Call Canine Familiar
  1899 | D:2      | Reached XP level 4. HP: 38/40 MP: 7/7
  2781 | D:3      | HP: 2/41 [orc wizard/enchanted dagger (2)]
  2782 | D:3      | Killed from afar by an orc wizard

Action                   |  1- 3 |  4- 6 || total
-------------------------+-------+-------++-------
Melee: Unarmed           |    42 |       ||    42
       Club              |    14 |       ||    14
       Dagger            |   160 |    87 ||   247
 Cast: Summon Small Mamm |     7 |     1 ||     8
       Call Imp          |       |     1 ||     1
       Call Canine Famil |       |     1 ||     1
  Use: Scroll            |     1 |     3 ||     4
       Potion            |       |     5 ||     5
 Stab: Sleeping          |       |     3 ||     3
       Distracted        |       |     1 ||     1
  Eat: Chunk             |     4 |     2 ||     6
